 Dungeon Crawl Stone Soup version 0.26.1-11-gd32895ea62 (webtiles) character file.

Game seed: 7678250442493845804

57 JBAR the Skirmisher (level 4, 0/73 HPs)
             Began as an Ogre Berserker on July 14, 2021.
             Was a Believer of Trog.
             Slain by a rat (1 damage)
             ... on level 2 of the Dungeon.
             The game lasted 00:02:20 (1030 turns).

JBAR the Skirmisher (Ogre Berserker)                Turns: 1030, Time: 00:02:21

Health: 0/73       AC: 26    Str: 22    XL:     4   Next: 0%
Magic:  4/4        EV:  1    Int:  8    God:    Trog [**....]
Gold:   60         SH:  0    Dex:  8    Spells: 3/3 levels left

rFire    . . .     SeeInvis .   a - +0 mace
rCold    . . .     Faith    .   (no shield)
rNeg     + + +     Spirit   .   (armour currently unavailable)
rPois    +         Reflect  .   (helmet currently unavailable)
rElec    .         Harm     .   (cloak currently unavailable)
rCorr    .         Rampage  .   (gloves unavailable)
Will     .....     NoTele   +   (boots unavailable)
Stlth    +.........             (no amulet)
HPRegen  0.22/turn              f - +4 ring of protection
MPRegen  0.09/turn              (no ring)

@: lethally poisoned (0 -> 0), tree-form, berserk cooldown, slowed, very slow
A: large, unfitting armour
a: Renounce Religion, Berserk, Trog's Hand


You were on level 2 of the Dungeon.
You worshipped Trog.
Trog was pleased with you.
You were a tree.
You visited 1 branch of the dungeon, and saw 2 of its levels.

You collected 60 gold pieces.

Inventory:

Hand Weapons
 a - a +0 mace (weapon)
Armour
 b - a +0 animal skin (melded)
Jewellery
 f - a +4 ring of protection (left branch)
Scrolls
 c - a scroll of remove curse
 d - a scroll of teleportation
 e - a scroll of identify


   Skills:
 * Level 4.9 Fighting
 * Level 3.6 Maces & Flails
 + Level 2.9 Dodging


You had 3 spell levels left.
You didn't know any spells.
Your spell library was empty.

Dungeon Overview and Level Annotations

Branches:
Dungeon (2/15)

Altars:


Innate Abilities, Weirdness & Mutations

You are too large for most types of armour.
((You have tough skin. (AC +1)))


Message History

The rat misses you. The rat closely misses you. The rat misses you.
You hit the adder but do no damage.
The adder is severely wounded.
You feel sick. The adder barely misses you. The ball python closely misses you.
The rat closely misses you. The adder bites you but does no damage.
The rat bites you.
* * * LOW HITPOINT WARNING * * *
The rat bites you but does no damage. The ball python barely misses you.
The rat bites you.
* * * LOW HITPOINT WARNING * * *
The adder barely misses you. The rat bites you but does no damage.
It was a potion of lignification.
You turn into a tree.
Your +0 animal skin melds into your body.
Your roots penetrate the ground.
The ball python bites you but does no damage.
The rat bites you but does no damage. The adder bites you but does no damage.
The rat bites you but does no damage. x2
The ball python bites you but does no damage.
The rat bites you.
You die...

.#...........
............#
#..........#
##..[.......# .
............ ..
#.........###...
...............
.......r)..##...
...###.r♣)......
#.rSS.#..##
###B(## # #..#
#..# .... .....
.....


You could see an adder, a giant cockroach, a ball python and 3 rats.

Vanquished Creatures
  An adder (D:2)
  2 oozes
  2 dart slugs (D:1)
  3 leopard geckos
  2 giant cockroaches
  A goblin (D:1)
  2 hobgoblins
  6 jackals (D:1)
  2 bats (D:1)
  6 kobolds
  5 rats (D:1)
32 creatures vanquished.

Notes
Turn   | Place    | Note
-------+----------+-------------------------------------------
     0 | D:1      | JBAR the Ogre Berserker began the quest for the Orb.
     0 | D:1      | Reached XP level 1. HP: 24/24 MP: 1/1
    86 | D:1      | Reached XP level 2. HP: 19/32 MP: 2/2
   476 | D:1      | Reached XP level 3. HP: 24/40 MP: 3/3
  1010 | D:2      | Reached ** piety under Trog
  1020 | D:2      | Reached XP level 4. HP: 39/49 MP: 4/4
  1029 | D:2      | HP: 1/49 [rat (2)]
  1030 | D:2      | Slain by a rat

Illustrated notes

Levels and vault maps discovered:
D:1:      dpeg_arrival_simpleton_c, layout_rooms, minmay_misc_feat_diagonals,
          item_on_display_a
D:2:      layout_rooms

Skill      XL: |  1  2 |
---------------+-------+-----
Maces & Flails | 3 |  3.6
Fighting       | |  4.9
Dodging        | |  2.9

Action                   |  1- 3 |  4- 6 || total
-------------------------+-------+-------++-------
Melee: Mace              |    90 |     9 ||    99
Invok: Berserk           |     4 |       ||     4
  Use: Scroll            |     3 |       ||     3
       Potion            |       |     2 ||     2
Armor: Animal skin       |    43 |    30 ||    73
       Skin              |       |     6 ||     6
Dodge: Dodged            |    73 |    48 ||   121
